 Dungeon Crawl Stone Soup version 0.28-a0-691-gad6df49e81 (webtiles) character file.

Game seed: 1201044603039563633

403 ytrimaz the Chopper (level 7, -4/55 HPs)
             Began as a Formicid Fighter on Oct 22, 2021.
             Slain by Duvessa (12 damage)
             ... on level 4 of the Dungeon.
             The game lasted 00:05:10 (2575 turns).

ytrimaz the Chopper (Formicid Fighter)              Turns: 2575, Time: 00:05:11

Health: -4/55      AC:  5    Str: 29    XL:     7   Next: 11%
Magic:  7/7        EV: 11    Int:  7    God:
Gold:   30         SH:  4    Dex: 10    Spells: 6/6 levels left

rFire   . . .      SeeInvis +   a - +0 war axe
rCold   . . .      Faith    +   c - +0 buckler
rNeg    . . .      Spirit   .   h - +2 leather armour {rPois}
rPois   +          Reflect  .   (helmet unavailable)
rElec   .          Harm     .   (no cloak)
rCorr   .          Rampage  .   (no gloves)
Will    +....                   (no boots)
Stlth   +.........              m - amulet of faith
HPRegen 0.18/turn               g - +6 ring of strength
MPRegen 0.10/turn               k - ring of willpower

@: lethally poisoned (-4 -> -14)
A: permanent stasis, dig shafts and tunnels, antennae 3, four strong arms
a: Dig, Shaft Self


You were on level 4 of the Dungeon.
You visited 1 branch of the dungeon, and saw 4 of its levels.

You collected 96 gold pieces.
You spent 66 gold pieces at shops.

Inventory:

Hand Weapons
 a - a +0 war axe (weapon)
Armour
 c - a +0 buckler (worn)
 h - a +2 leather armour of poison resistance (worn)
Jewellery
 b - an amulet of regeneration
 g - a +6 ring of strength (left hand)
 k - a ring of willpower (right hand)
 m - an amulet of faith (around neck)
Scrolls
 j - a scroll of magic mapping
 o - a scroll of holy word
 p - a scroll of blinking {unknown}
Potions
 d - a potion of attraction
 e - 2 potions of haste
 i - a potion of degeneration {unknown}
 l - 5 potions of heal wounds {unknown}
 n - a potion of berserk rage {unknown}


   Skills:
 + Level 4.6 Fighting
 + Level 5.8 Axes
 + Level 4.3 Armour
 - Level 3.6 Shields


You had 6 spell levels left.
You didn't know any spells.
Your spell library contained the following spells:

 Spells                   Type           Power      Damage    Failure   Level
 Animate Skeleton         Necr           0%         N/A       45%         1
 Apportation              Tloc           0%         N/A       45%         1
 Foxfire                  Conj/Fire      0%         2x1d4     45%         1
 Summon Small Mammal      Summ           0%         N/A       45%         1
 Conjure Flame            Conj/Fire      0%         6-21      83%         3
 Ignite Poison            Fire/Tmut/Pois 0%         N/A       83%         3
 Sticky Flame             Conj/Fire      0%         2d3       99%         4
 Borgnjor's Revivificati  Necr           0%         N/A       100%        8
 Necromutation            Tmut/Necr      0%         N/A       100%        8
 Death's Door             Necr           0%         N/A       100%        9


Dungeon Overview and Level Annotations

Branches:
Dungeon (4/15)
 Temple: D:4-7

Altars:
Fedhas
Makhleb
Sif Muna
Trog
The Shining One

Shops:
D:1 [   D:2 ?

Annotations:
D:4 Duvessa


Innate Abilities, Weirdness & Mutations

You cannot be hasted, slowed, berserked, paralysed or teleported.
You can dig through walls and to a lower floor.
You have a pair of large antennae on your head. (SInv)
Your four strong arms can wield two-handed weapons with a shield.


Message History

a +0 dagger; a +0 robe
Things that are here:
a +0 dagger; a +0 robe
Things that are here:
a +0 dagger; a +0 robe
Things that are here:
a +0 dagger; a +0 robe
There is an empty arch of ancient stone here.
Found a bloodstained altar of Trog.
Duvessa shouts!
Duvessa goes berserk!
You hear a shout!
There is an empty arch of ancient stone here.
Duvessa rages.
You hear a shout!
Duvessa hits you with a +2 short sword of venom!
Duvessa misses you.
There are no items here.
Duvessa hits you but does no damage.
Duvessa hits you with a +2 short sword of venom!
Duvessa hits you with a +2 short sword of venom.
Press: ? - help, v - describe, . - travel
Here: Duvessa, wielding a +2 short sword of venom and wearing a +0 leather armour (berserk)
The floor.
Unknown command.
Duvessa hits you with a +2 short sword of venom!
Duvessa hits you with a +2 short sword of venom!
* * * LOW HITPOINT WARNING * * *
You are lethally poisoned!
It was a potion of haste.
Your stasis prevents you from being hasted.
* * * LOW HITPOINT WARNING * * *
You feel very sick. Duvessa closely misses you.
It was a potion of magic.
Magic courses through your body.
* * * LOW HITPOINT WARNING * * *
You feel very sick. You block Duvessa's attack.
Duvessa hits you with a +2 short sword of venom!
You die...

#...#.# #...#.# #....>#
##.#########
#...†.e.).######## #
#########......... #.
...(....########
#.##..##############
#..PP..@e....# #..#
#PPP.P....<#.#####_).##
#PP_PP######.#..##....##


.PPP.P {#.....###...# ..PPP ##.....###... ##### #...#.).#∩#.. #..###...###e ####
##...### ##....# You could see Duvessa (berserk).

Vanquished Creatures
  Dowan (D:4)
  A crimson imp (D:4)
  2 orc priests
  A jelly (D:2)
  Terence (D:3)
  3 orc wizards
  3 adders (D:3)
  3 worms
  5 orcs
  4 ball pythons
  7 endoplasms
  3 giant cockroaches
  7 goblins
  9 hobgoblins
  5 jackals (D:3)
  3 quokkas
  3 bats
  4 frilled lizards
  6 hobgoblin zombies (D:4)
  8 kobolds
  2 kobold skeletons (D:4)
  A kobold zombie (D:4)
  2 orc zombies (D:4)
  24 rats
108 creatures vanquished.

Notes
Turn   | Place    | Note
-------+----------+-------------------------------------------
     0 | D:1      | ytrimaz the Formicid Fighter began the quest for the Orb.
     0 | D:1      | Reached XP level 1. HP: 18/18 MP: 1/1
    74 | D:1      | Reached XP level 2. HP: 19/24 MP: 2/2
   369 | D:2      | Reached XP level 3. HP: 28/30 MP: 3/3
   425 | D:1      | Found Ohab's Antique Armour Shoppe.
   446 | D:1      | Found a faded altar of an unknown god.
   786 | D:1      | You fall into a shaft and drop 1 floor!
   802 | D:2      | Reached skill level 3 in Axes
   802 | D:2      | Reached XP level 4. HP: 37/37 MP: 4/4
   815 | D:2      | You fall into a shaft and drop 2 floors!
   824 | D:4      | Reached XP level 5. HP: 35/42 MP: 5/5
   839 | D:4      | Found a burning altar of Makhleb.
   928 | D:4      | Reached skill level 4 in Axes
   964 | D:4      | Found a glowing golden altar of the Shining One.
  1198 | D:4      | Noticed Duvessa
  1255 | D:3      | Reached XP level 6. HP: 40/49 MP: 6/6
  1296 | D:3      | Reached skill level 5 in Axes
  1391 | D:3      | Noticed Terence
  1402 | D:3      | Killed Terence
  1945 | D:2      | Found Oprycuor's Magic Scroll Boutique.
  1948 | D:2      | Bought a scroll of identify for 22 gold pieces
  1948 | D:2      | Bought a scroll of identify for 22 gold pieces
  1948 | D:2      | Bought a scroll of identify for 22 gold pieces
  2508 | D:4      | Found a blossoming altar of Fedhas.
  2516 | D:4      | Noticed Dowan
  2519 | D:4      | Found a shimmering blue altar of Sif Muna.
  2526 | D:4      | Killed Dowan
  2527 | D:4      | Reached XP level 7. HP: 51/55 MP: 7/7
  2532 | D:4      | Got Sif Muna's Incunabulum of Scorching Creation
  2558 | D:4      | Found a bloodstained altar of Trog.
  2575 | D:4      | Slain by Duvessa

Illustrated notes

Levels and vault maps discovered:
D:1:      amcnicky_arrival_double_pillar, layout_basic,
          dreamdust_ecumenical_altar_grove, serial_shops, shop
D:2:      layout_basic, serial_shops, nicolae_shop_behind_doors
D:3:      layout_basic, chequers_serial_rivers_micro_c, minmay_rat_hole,
          uniq_terence
D:4:      layout_basic, nzn_overflow_gifts_of_might_and_magic,
          lemuel_coloured_pillars_altar, fedhas_altar_3,
          nicolae_tso_besieged_by_evil, chequers_decorated_corner

Skill      XL: |  1  2  3  4  5  6 |
---------------+-------------------+-----
Fighting       | 4 |  4.6
Axes           | 3 4 5 |  5.8
Armour         | 4 |  4.3
Shields        | |  3.6

Action                   |  1- 3 |  4- 6 |  7- 9 || total
-------------------------+-------+-------+-------++-------
Melee: War axe           |    72 |   175 |       ||   247
 Abil: Dig               |       |     1 |       ||     1
  Use: Potion            |       |     1 |     2 ||     3
       Scroll            |       |     4 |       ||     4
Armor: Scale mail        |    12 |       |       ||    12
       Leather armour    |     9 |    60 |     1 ||    70
Dodge: Dodged            |    40 |    90 |     2 ||   132
Block: Buckler           |    14 |    38 |     1 ||    53

Table legend: (Time is in decaauts)
 A = Elapsed time spent in this place.
 B = Non-inter-level travel time spent in this place.
 C = Inter-level travel time spent in this place.
 D = Time resting spent in this place.
 E = Time spent auto-exploring this place.
 F = Levels seen in this place.
 G = Mean time per level.
                   A        B        C        D        E       F      G
               +--------+--------+--------+--------+--------+-----+--------+
         Total |   2650 |   2453 |    197 |     80 |   1436 |   4 |  662.5 |
       Dungeon |   2650 |   2453 |    197 |     80 |   1436 |   4 |  662.5 |
               +--------+--------+--------+--------+--------+-----+--------+

Top non-repeatable levels by time:
     D:3: 933 daAuts
     D:1: 822 daAuts
     D:4: 503 daAuts
     D:2: 391 daAuts
